 Dungeon Crawl Stone Soup version 0.19-a0 (webtiles) character file.

17 Loki the Grave Robber (level 2, -3/17 HPs)
             Began as an Octopode Necromancer on Apr 27, 2016.
             Slain by an orc
             ... wielding a +0 flail
              (7 damage)
             ... on level 2 of the Dungeon.
             The game lasted 00:03:35 (362 turns).

Loki the Grave Robber (Octopode Necromancer)         Turns: 362, Time: 00:03:36

Health: -3/17      AC:  1    Str:  7    XL:     2   Next: 62%
Magic:  3/5        EV: 12    Int: 17    God:
Gold:   40         SH:  0    Dex: 12    Spells: 1 memorised, 4 levels left

rFire  . . .     SeeInvis .       - Unarmed
rCold  . . .     Gourm    .     (no shield)
rNeg   . . .     Faith    .     (helmet restricted)
rPois  .         Spirit   .     (no amulet)
rElec  .         Dismiss  .     (no ring)
rCorr  .         Reflect  .     (no ring)
SustAt .         Harm     .     (no ring)
MR     .....                    (no ring)
Stlth  +++.......               (no ring)
                                (no ring)
                                (no ring)
                                (no ring)

@: not resistant to hostile enchantments, fairly stealthy
A: almost no armour, amphibious, 8 rings, constrict 8, camouflage 1, gelatinous
body 1
a: no special abilities


You were on level 2 of the Dungeon.
You were not hungry.

You visited 1 branch of the dungeon, and saw 3 of its levels.

You collected 40 gold pieces.

Inventory:

Scrolls
 c - 2 scrolls of identify {unknown}
Potions
 d - a potion of might {unknown}
Books
 a - a book of Necromancy

   Spells                             Type                      Level
   a - Pain                           Necromancy                   1
   b - Animate Skeleton               Necromancy                   1
   c - Vampiric Draining              Necromancy                   3
   d - Regeneration                   Charms/Necromancy            3
   e - Animate Dead                   Necromancy                   4
   f - Control Undead                 Necromancy                   4
Comestibles
 b - a bread ration


   Skills:
 - Level 2.0 Dodging
 - Level 2.6 Stealth
 + Level 2.2 Unarmed Combat
 - Level 2.0 Spellcasting
 - Level 4.0 Necromancy


You had 4 spell levels left.
You knew the following spells:

 Your Spells              Type           Power        Failure   Level  Hunger
a - Pain                  Necr           ###.         3%          1    #......


Dungeon Overview and Level Annotations

Branches:
Dungeon (3/15)

Altars:
Trog


Innate Abilities, Weirdness & Mutations

You cannot wear most types of armour.
You are amphibious.
You can wear up to eight rings at the same time.
You can use your tentacles to constrict eight enemies at once.
Your skin changes colour to match your surroundings (Stealth).
Your rubbery body absorbs attacks (AC +1).


Message History

Confirm with . or Enter, or press ? or * to list all spells.
Aiming: Pain
Press: ? - help, Shift-Dir - straight line, f - orc
Aim: an orc, wielding a flail and wearing a scale mail (chance to defeat MR: 92%)
The orc convulses in agony!
The orc hits you with a flail.
* * * LOW HITPOINT WARNING * * *
You climb upwards.
There is a stone staircase leading down here.
Casting: Pain
Confirm with . or Enter, or press ? or * to list all spells.
Aiming: Pain
Press: ? - help, Shift-Dir - straight line, f - orc
Aim: an orc, wielding a flail and wearing a scale mail (heavily wounded, chance to defeat MR: 92%)
The orc convulses in agony!
The orc barely misses you.
You tentacle-slap the orc but do no damage.
You grab the orc.
The orc is severely wounded.
You constrict the orc. The orc hits you with a flail!
You die...

.....# ..# .. ..#
#.# ....# ..
##..# # .. .#
#.#########. .#
#.......... #
##........####.#
#........@.....#
#........o.#####
#.)...)<...#
.....(.....#
#...........##
#............#
#.........)#.#
##............###
...............#


You could see an orc.

Vanquished Creatures
  A dart slug (D:1)
  A bat (D:1)
  2 giant cockroaches
  3 goblins
  3 hobgoblins
  A giant newt (D:1)
  A kobold (D:1)
  2 rats
14 creatures vanquished.

Notes
Turn   | Place    | Note
--------------------------------------------------------------
     0 | D:1      | Loki the Octopode Necromancer began the quest for the Orb.
     0 | D:1      | Reached XP level 1. HP: 11/11 MP: 3/3
    52 | D:1      | Reached skill level 1 in Unarmed Combat
    87 | D:1      | Reached XP level 2. HP: 8/17 MP: 5/5
   352 | D:3      | Found a bloodstained altar of Trog.
   362 | D:2      | Slain by an orc

Vault maps used:
D:1:      onia_arrival_larder, roderic_greek_sauvastika, minivault_25
D:2:      led_sif_pool, lemuel_doored_altar, uniq_iyjb, uniq_natasha
D:3:      kennysheep_slug_shrine, lightli_temple_of_fire, uniq_grinder

Skill      XL: |  1  2 |
---------------+-------+-----
Unarmed Combat | 1 2 |  2.2
Dodging        | |  2.0
Stealth        | |  2.6
Spellcasting   | |  2.0
Necromancy     | |  4.0

Action                   || total
-------------------------++-------
Melee: Unarmed           ||    33
       Constrict         ||    12
 Cast: Pain              ||     8
 Stab: Sleeping          ||     6
  Eat: Beef jerky        ||     1
Armor: Skin              ||     1
Dodge: Dodged            ||    14
